 Dungeon Crawl Stone Soup version bcrawl-1.28 (webtiles) character file.

Game seed: 11741729348994828462

146186 MisterOstroum the Gusty (level 5, -26/30 HPs)
             Began as an Avariel Air Elementalist on Nov 21, 2020.
             Annihilated by an ogre
             ... wielding a +0 giant spiked club
              (28 damage)
             ... on level 3 of the Dungeon.
             The game lasted 00:05:18 (2342 turns).

MisterOstroum the Gusty (Avariel Air Elementalist)  Turns: 2342, Time: 00:05:19

Health: -26/30     AC:  5    Str:  6    XL:     5   Next: 30%
Magic:  7/12       EV: 14    Int: 22    God:
Gold:   235        SH:  0    Dex: 13    Spells: 4/10 levels left

rFire    . . .     SeeInvis .   k - +0 dagger
rCold    + . .     Gourm    .   (no shield)
rNeg     . . .     Faith    .   u - +2 robe {rC+}
rPois    .         Spirit   .   (no helmet)
rElec    .         Reflect  .   (no cloak)
rCorr    .         Harm     .   h - +0 pair of gloves (curse)
MR       .....                  (no boots)
Stlth    ++........             (no amulet)
HPRegen  0.10/turn              m - +2 ring of evasion
MPRegen  0.13/turn              (no ring)

@: swift (expiring), quick
A: no striking features
a: no special abilities


You were on level 3 of the Dungeon.
You were hungry.

You visited 1 branch of the dungeon, and saw 3 of its levels.

You collected 235 gold pieces.

Inventory:

Hand Weapons
 f - a +0 short sword
 k - a +0 dagger (weapon)
Missiles
 i - 782 stones (quivered)
 p - 172 arrows
 q - 103 bolts
Armour
 h - a cursed +0 pair of gloves (worn)
 u - a +2 robe of cold resistance (worn)
Jewellery
 m - a +2 ring of evasion (left hand)
Wands
 t - a wand of flame (14)
Scrolls
 a - a scroll of identify {@r1}
 g - a scroll of fog {unknown}
 j - a scroll of amnesia {unknown}
 l - a scroll of enchant weapon {unknown}
 o - a scroll of magic mapping {unknown}
 r - a scroll of enchant armour {unknown}
Potions
 c - 2 potions of flight
 d - 3 potions of haste
 n - a potion of brilliance {unknown}
 s - a potion of invisibility
Comestibles
 b - 2 chunks of flesh
 e - 7 rations {!d}


   Skills:
 * Level 2.1 Fighting
 - Level 2.1 Dodging
 * Level 3.7 Stealth
 + Level 3.4 Spellcasting
 + Level 2.4 Conjurations
 + Level 4.7 Air Magic


You had 4 spell levels left.
You knew the following spells:

 Your Spells              Type           Power        Failure   Level  Hunger
a - Shock                 Conj/Air       ###..        2%          1    None
b - Static Discharge      Air            ###.....     4%          3    ####...
c - Swiftness             Chrm/Air       ##......     7%          2    None

Your spell library contained the following spells:

 Spells                   Type           Power        Failure   Level  Hunger
 Airstrike                Air            ###.......   17%         4    #####..
 Lightning Bolt           Conj/Air       ###.......   58%         5    ######.


Dungeon Overview and Level Annotations

Branches:
Dungeon (3/12)

Altars:
Kikubaaqudgha
The Shining One


Message History

You see here the human corpse of Jessica.
You butcher the human corpse of Jessica.
b - 4 chunks of flesh (gained 2)
You see here the human skeleton of Jessica.
Wear which item? (? for menu, Esc to quit)
You start removing your armour.
You continue taking off your +0 robe. x4
You finish taking off your +0 robe.
You start putting on your armour.
You continue putting on your +2 robe of cold resistance. x5
You finish putting on your +2 robe of cold resistance.
You feel resistant to cold.
Wear which item? (? for menu, Esc to quit)
You start putting on your armour.
You continue putting on your pair of gloves. x2
Magic restored.
You continue putting on your pair of gloves. x2
You finish putting on your cursed +0 pair of gloves.
Oops, that feels deathly cold.
Drop what? 21/52 slots (_ for help) (? for menu, Esc to quit)
You drop a +0 robe.
Okay, then.
Unknown command.
Okay, then.
Put on which piece of jewellery? (? for menu, Esc to quit)
Okay, then.
Unknown command.
A goblin comes into view. It is wielding a +0 dagger.
A goblin is nearby!
The goblin shouts!
Casting: Shock (safe; 2% risk of failure)
Confirm with . or Enter, or press ? or * to list all spells.
Aiming: Shock (safe; 2% risk of failure)
Press: ? - help, Shift-Dir - straight line, f - goblin
Aim: a goblin, wielding a +0 dagger The zap hits the goblin.
You kill the goblin!
Casting: Shock (safe; 2% risk of failure)
Confirm with . or Enter, or press ? or * to list all spells.
You can't see any susceptible monsters within range! (Use Z to cast anyway.)
You now have 213 gold pieces (gained 6).
You see here a +0 dagger.
You now have 235 gold pieces (gained 22).
Found a stone staircase leading down.
There is a stone staircase leading down here.
Some of the chunks of flesh in your inventory have rotted away.
You see here a chain mail.
You see here a club.
a - a scroll of identify {@r1} An ogre comes into view.
It is wielding a +0 giant spiked club.
You have encountered a dangerous foe!
The ogre shouts!
Unknown command.
Casting: Shock (safe; 2% risk of failure)
Confirm with . or Enter, or press ? or * to list all spells.
You feel quick.
An adder skeleton comes into view.
Unknown command.
Casting: Swiftness (safe; 7% risk of failure)
Confirm with . or Enter, or press ? or * to list all spells.
Aiming: Shock (safe; 2% risk of failure)
Press: ? - help, Shift-Dir - straight line The zap hits the ogre.
The ogre is lightly wounded.
The zap hits the ogre.
The ogre is lightly wounded.
You are feeling hungry.
Casting: Shock (safe; 2% risk of failure)
Confirm with . or Enter, or press ? or * to list all spells.
Aiming: Shock (safe; 2% risk of failure)
Press: ? - help, Shift-Dir - straight line The zap hits the ogre.
The ogre is moderately wounded.
You start to feel a little slower.
Casting: Shock (safe; 2% risk of failure)
Confirm with . or Enter, or press ? or * to list all spells.
Aiming: Shock (safe; 2% risk of failure)
Press: ? - help, Shift-Dir - straight line, f - ogre
Aim: an ogre, wielding a +0 giant spiked club (moderately wounded)
The zap hits the ogre.
The ogre is moderately wounded.
Casting: Shock (safe; 2% risk of failure)
Confirm with . or Enter, or press ? or * to list all spells.
Aiming: Shock (safe; 2% risk of failure)
Press: ? - help, Shift-Dir - straight line, f/p - ogre
Aim: an ogre, wielding a +0 giant spiked club (moderately wounded)
The zap hits the ogre!
The ogre is severely wounded.
The ogre hits you with a +0 giant spiked club!!
Ouch! That really hurt!
* * * LOW HITPOINT WARNING * * *
Casting: Shock (safe; 2% risk of failure)
Confirm with . or Enter, or press ? or * to list all spells.
Aiming: Shock (safe; 2% risk of failure)
Press: ? - help, Shift-Dir - straight line, f/p - ogre
Aim: an ogre, wielding a +0 giant spiked club (severely wounded)
The zap hits the ogre.
The ogre is almost dead.
The ogre hits you with a +0 giant spiked club!!
Ouch! That really hurt!
You die...

#......#.# #..###.#.# #..#
#.#.# #..# #.#.###### ###
#..# #.#......####.# #..#
#.#......+....# #..#
..#......####.##########
Z###
###....O...............) ..
........@.####.####...###
...
######.................#
##+# ....
#......###.####...#
....###.....#......#...#
............#.#.##.#)###
............#.#.##.#.#####
....................).....
........###[...รท..##.##...
........# #.......##.##.##


You could see an ogre.

Vanquished Creatures
  Jessica (D:3)
  An adder (D:2)
  4 gnolls
  An ooze (D:1)
  A worm (D:2)
  A dart slug (D:2)
  5 leopard geckos
  2 ball pythons (D:1)
  5 bats
  5 goblins
  7 hobgoblins
  14 jackals
  A quokka (D:1)
  A frilled lizard (D:1)
  4 kobolds
  2 rats (D:1)
55 creatures vanquished.

Notes
Turn   | Place    | Note
-------+----------+-------------------------------------------
     0 | D:1      | MisterOstroum the Avariel Air Elementalist began the quest
                  | for the Orb.
     0 | D:1      | Reached XP level 1. HP: 10/10 MP: 6/6
    97 | D:1      | Reached XP level 2. HP: 16/16 MP: 2/7
   200 | D:1      | Reached skill level 1 in Fighting
   305 | D:1      | Reached XP level 3. HP: 20/20 MP: 6/9
   996 | D:2      | Reached XP level 4. HP: 21/25 MP: 7/10
  1006 | D:2      | Learned a level 3 spell: Static Discharge
  1009 | D:2      | Learned a level 2 spell: Swiftness
  1070 | D:2      | Found an ancient bone altar of Kikubaaqudgha.
  1280 | D:2      | Found a glowing golden altar of the Shining One.
  1915 | D:3      | Noticed Jessica
  2066 | D:2      | Reached XP level 5. HP: 14/30 MP: 4/12
  2165 | D:3      | Killed Jessica
  2318 | D:3      | Noticed an ogre
  2342 | D:3      | Annihilated by an ogre

Skill      XL: |  1  2  3  4 |
---------------+-------------+-----
Fighting       | 1 2 |  2.1
Spellcasting   | 3 |  3.4
Conjurations   | 2 |  2.4
Stealth        | 3 |  3.7
Dodging        | |  2.1
Air Magic      | |  4.7

Action                   |  1- 3 |  4- 6 || total
-------------------------+-------+-------++-------
Melee: Short sword       |     1 |       ||     1
       Dagger            |     1 |       ||     1
Throw: Stone             |       |     1 ||     1
 Cast: Shock             |    53 |    50 ||   103
       Swiftness         |       |     3 ||     3
       Static Discharge  |       |     1 ||     1
  Use: Scroll            |       |     3 ||     3
  Eat: Chunk             |     1 |     5 ||     6
Armor: Robe              |     4 |     1 ||     5
Dodge: Dodged            |    11 |    19 ||    30
